 Dungeon Crawl Stone Soup version 0.30.0-30-g96aa6591b8 (webtiles) character file.

Game seed: 2356656751084325289

102356 KyoPewz the Fencer (level 15, -3/98 (103) HPs)
             Began as a Demonspawn Hedge Wizard on June 28, 2023.
             Was the Champion of Makhleb.
             Slain by a deep elf knight
             ... wielding a +0 scimitar of holy wrath
              (12 damage)
             ... on level 2 of the Orcish Mines.
             The game lasted 02:30:50 (32761 turns).

KyoPewz the Fencer (Demonspawn Hedge Wizard)       Turns: 32761, Time: 02:30:51

HP:   -3/98 (103)   AC:  7    Str: 16    XL:     15   Next: 86%
MP:   22/22         EV: 20    Int: 18    God:    Makhleb [******]
Gold: 66            SH: 17    Dex: 27    Spells: 7/24 levels left

rFire   + + .        b - +5 double sword (heavy)
rCold   + + .        A - +2 shield of Resistance {rF++ rC++ Will++}
rNeg    . . .        O - +0 troll leather armour
rPois   +            E - +0 helmet of Acoah {Str+4 Dex+5}
rElec   .            g - +1 cloak
rCorr   .            (no gloves)
SInv    .            (no boots)
Will    +++..        F - amulet of regeneration
Stlth   ++           T - +6 ring of dexterity
HPRegen 1.96/turn    P - ring of poison resistance
MPRegen 0.18/turn

%: no passive effects
@: mighty, lightly drained
A: hooves 2, repulsion field 2, demonic guardian 2, powered by pain 3,
bedeviling, frail 1
a: Renounce Religion, Minor Destruction, Lesser Servant of Makhleb, Major
Destruction, Greater Servant of Makhleb


You were on level 2 of the Orcish Mines.
You worshipped Makhleb.
Makhleb was exalted by your worship.
You visited 6 branches of the dungeon, and saw 25 of its levels.
You also visited: Gauntlet.

You collected 2380 gold pieces.
You spent 2314 gold pieces at shops.

Inventory:

Hand Weapons
 a - a +2 scimitar of flaming
 b - a +5 heavy double sword (weapon)
 N - the +8 trident of the Mashing Seeker {freeze, rF+}
   (You found it on level 11 of the Dungeon)

   rF:        It protects you from fire.
Missiles
 f - 5 throwing nets
 s - 6 javelins
 J - 4 atropa-tipped darts
 M - 9 poisoned darts
 S - 10 silver javelins
 U - 6 curare-tipped darts
Armour
 g - a +1 cloak (worn)
 A - the +2 shield of Resistance (worn) {rF++ rC++ Will++}
   (You bought it in a shop on level 2 of the Orcish Mines)

   rF:        It greatly protects you from fire.
   rC:        It greatly protects you from cold.
   Will:      It greatly increases your willpower.
 E - the +0 helmet of Acoah (worn) {Str+4 Dex+5}
   (You bought it in a shop on level 2 of the Orcish Mines)

   Str:       It affects your strength (+4).
   Dex:       It affects your dexterity (+5).
 O - a +0 troll leather armour (worn)
 X - a +0 pair of gloves
Jewellery
 p - a ring of willpower
 v - a +4 ring of slaying
 F - an amulet of regeneration (around neck)
 P - a ring of poison resistance (right hand)
 T - a +6 ring of dexterity (left hand)
Wands
 e - a wand of polymorph (20)
 k - a wand of iceblast (27)
 n - a wand of mindburst (12)
 H - a wand of light (8)
 I - a wand of paralysis (16)
 L - a wand of flame (11)
Scrolls
 i - 3 scrolls of fog
 r - a scroll of butterflies {unknown}
 t - 8 scrolls of teleportation
 u - 3 scrolls of acquirement {unknown}
 x - 2 scrolls of fear {unknown}
 y - 4 scrolls of vulnerability {unknown}
 B - 2 scrolls of blinking
 G - 2 scrolls of poison {unknown}
 K - 6 scrolls of amnesia
 Q - 5 scrolls of magic mapping
 Z - 4 scrolls of immolation {unknown}
Potions
 c - 3 potions of magic
 d - 4 potions of might
 h - 4 potions of haste
 j - 2 potions of resistance {unknown}
 l - 5 potions of heal wounds
 m - 5 potions of flight
 o - 2 potions of berserk rage
 q - 5 potions of curing
 w - 5 potions of lignification
 z - 2 potions of mutation {unknown}
 C - 2 potions of degeneration {unknown}
 D - a potion of ambrosia
 R - 5 potions of attraction {unknown}
 V - 3 potions of cancellation {unknown}
 W - a potion of invisibility {unknown}
Miscellaneous
 Y - a tin of tremorstones (2/2)


   Skills:
 - Level 10.0 Fighting
 - Level 3.1(10.4) Short Blades
 + Level 15.2(15.4) Long Blades
 - Level 3.0 Armour
 - Level 7.0 Dodging
 - Level 1.7 Stealth
 + Level 13.4 Shields
 - Level 5.0 Spellcasting
 - Level 3.0 Conjurations
 - Level 1.0 Summonings
 - Level 10.0 Necromancy
 - Level 6.0 Translocations
 - Level 8.0 Invocations


You had 7 spell levels left.
You knew the following spells:

 Your Spells              Type           Power      Damage    Failure   Level
a - Magic Dart            Conj           60%        1d6       9%          1
b - Blink                 Tloc           52%        N/A       3%          2
c - Call Imp              Summ           16%        N/A       28%         2
d - Searing Ray           Conj           30%        2d5       13%         2
e - Agony                 Necr           40%        N/A       13%         5
f - Kiss of Death         Conj/Necr      100%       2d13      1%          1
s - Slow                  Hex            24%        N/A       28%         1
x - Vampiric Draining     Necr           40%        2d8       1%          3

Your spell library contained the following spells:

 Spells                   Type           Power      Damage    Failure   Level
 Necrotise                Necr           100%       1d9       1%          1
 Apportation              Tloc           52%        N/A       2%          1
 Dispel Undead            Necr           40%        3d16      4%          4
 Cigotuvi's Dreadful Rot  Necr/Pois/Air  32%        N/A       12%         2
 Foxfire                  Conj/Fire      36%        2x1d5     16%         1
 Shock                    Conj/Air       36%        1d5       16%         1
 Summon Small Mammal      Summ           32%        N/A       19%         1
 Portal Projectile        Hex/Tloc       44%        N/A       26%         3
 Beastly Appendage        Tmut           8%         N/A       28%         1
 Sandblast                Erth           8%         2d5       28%         1
 Ensorcelled Hibernation  Hex/Ice        12%        N/A       41%         2
 Passwall                 Tmut/Erth      3%         N/A       41%         2
 Scorch                   Fire           8%         2d5       41%         2
 Wereblood                Tmut           4%         N/A       41%         2
 Stone Arrow              Conj/Erth      18%        3d8       43%         3
 Call Canine Familiar     Summ           8%         N/A       50%         3
 Mephitic Cloud           Conj/Pois/Air  8%         N/A       50%         3
 Summon Guardian Golem    Hex/Summ       9%         N/A       56%         3
 Confusing Touch          Hex            6%         N/A       65%         3
 Spider Form              Tmut/Pois      4%         N/A       65%         3
 Swiftness                Air            4%         N/A       65%         3
 Flame Wave               Conj/Fire      9%         2d6       83%         4
 Fulminant Prism          Conj/Hex       7%         3d7       83%         4
 Animate Armour           Summ/Erth      12%        N/A       93%         4
 Summon Lightning Spire   Summ/Air       6%         N/A       93%         4
 Leda's Liquefaction      Hex/Erth       3%         N/A       96%         4
 Fireball                 Conj/Fire      4%         3d4       99%         5
 Simulacrum               Ice/Necr       11%        N/A       99%         6
 Blade Hands              Tmut           2%         N/A       100%        5
 Lee's Rapid Deconstruct  Erth           2%         3d4*      100%        5
 Summon Mana Viper        Hex/Summ       9%         N/A       100%        5
 Iron Shot                Conj/Erth      4%         9d2       100%        6
 Plasma Beam              Fire/Air       2%         2x1d13    100%        6
 Starburst                Conj/Fire      4%         6d4       100%        6
 Statue Form              Tmut/Erth      2%         N/A       100%        6
 Summon Cactus Giant      Summ           4%         N/A       100%        6
 Ozocubu's Refrigeration  Ice            2%         4d7       100%        7
 Storm Form               Tmut/Air       2%         N/A       100%        7
 Maxwell's Capacitive Co  Air            2%         ∞         100%        8
 Polar Vortex             Ice            2%         N/A       100%        9


Dungeon Overview and Level Annotations

Branches:
Dungeon (15/15)            Temple (1/1) D:6            Lair (5/5) D:9
  Swamp (0/4) Lair:3        Snake (1/4) Lair:3        Slime (0/5) Lair:4
    Orc (2/2) D:11            Elf (1/3) Orc:2        Vaults (0/5) D:13
 Depths (0/4) D:15        Gauntlet (visited)

Altars:
Ashenzari
Cheibriados
Dithmenos
Fedhas
Gozag
Hepliaklqana
Kikubaaqudgha
Makhleb
Nemelex Xobeh
Okawaru
Qazlal
Ru
Sif Muna
Trog
Uskayaw
Vehumet
Wu Jian
Xom
Yredelemnul
Jiyva

Shops:
D:8 *   Orc:2 [=[*

Annotations:
D:13 3 runed translucent doors, ANNNA's ghost, journeyman DrCj
Orc:2 2 transporters, Quickbrownfox's ghost, journeyman DsCj


Innate Abilities, Weirdness & Mutations

You have hoof-like feet.
You are surrounded by a moderate repulsion field. (EV +3)
A demonic guardian rushes to your aid.
You are powered by pain.
Your hexes are more powerful.
You are frail. (-10% HP)


Message History

The deep elf knight flickers and vanishes!
Deactivating autopickup; reactivate with Ctrl-A.
The orc sorcerer points at you and mumbles some strange words.
The bolt of negative energy hits you!!
You feel drained.
You take 29 damage, and have 60/98 hp.
MASSIVE DAMAGE!!
You closely miss something. You kick something! Something hits you!
You convulse!!
* * * LOW HITPOINT WARNING * * *
You focus on the pain.
You feel mightier all of a sudden.
The orc sorcerer gestures at you while chanting.
You resist with almost no effort. Something hits you!
* * * LOW HITPOINT WARNING * * *
A demonic guardian appears!
You convulse.
* * * LOW HITPOINT WARNING * * *
You take 54 damage, and have 6/98 hp.
MASSIVE DAMAGE!!
Okay, then.
Press: ? - help, v - describe, . - travel
Here: a sixfirhy (summoned, friendly)
The floor.
Okay, then.
Unknown command.
Press: ? - help, v - describe, . - travel The floor, spattered with blood.
Unknown command.
Okay, then.
Unknown command.
There is a stone staircase leading up, spattered with blood here.
You regained 2 hp, and now have 8/98 hp.
You feel much better.
Your sixfirhy hits the orc sorcerer.
Your sixfirhy shocks the orc sorcerer!
Your sixfirhy completely misses the orc sorcerer.
Your sixfirhy barely misses the orc sorcerer.
Your sixfirhy hits the orc sorcerer!
Your sixfirhy shocks the orc sorcerer!
The orc sorcerer dies!
Makhleb accepts your kill. Something hits you!
* * * LOW HITPOINT WARNING * * *
You convulse!
You die...

[[)............[................#
.....##..........................
....#.##....#....................
..##.......<..................#..
.####.......#3...................
............).[..................
..................(#.............
.................................
....#..........{@))....).........
.................))[...).........
#.................#.........##...
.................##..............
..................##.##..........
..................###............
...................#.............
.#..................#............
.................#.#.##.........#


You could see a friendly sixfirhy (summoned).

Vanquished Creatures
  A minotaur (Gauntlet)
  A dire elephant (Gauntlet)
  Snorg (Lair:3)
  An ettin (Orc:1)
  Josephine (D:10)
  Harold (D:11)
  A vault guard (D:13)
  Erolcha (D:11)
  2 ogre magi (Orc:2)
  5 hydras
  6 centaur warriors
  2 anacondas (Snake:1)
  6 death yaks
  10 two-headed ogres
  A naga warrior (Snake:1)
  A boulder beetle (Lair:2)
  3 orc high priests (Orc:2)
  A salamander mystic (Snake:1)
  2 deep elf knights (Orc:2)
  A deep troll (Orc:2)
  2 bog bodies (Lair:3)
  A naga ritualist (Snake:1)
  2 deep elf archers (Orc:2)
  Pikel (D:8)
  3 wizards (D:15)
  A necromancer (D:15)
  4 deep elf zephyrmancers
  8 ugly things (D:14)
  An oklob plant (Lair:2)
  3 deep elf pyromancers
  A mana viper (Snake:1)
  8 cyclopes
  2 orc sorcerers
  3 manticores
  6 elephants
  A centaur zombie (D:15)
  11 black mambas
  An eye of devastation (Gauntlet)
  A naga mage (D:15)
  15 cane toads
  2 gargoyles
  2 kobold demonologists
  3 rime drakes
  3 unseen horrors
  An efreet (D:14)
  A redback zombie (D:15)
  Psyche (D:10)
  10 komodo dragons
  An ice devil (Gauntlet)
  2 tengu conjurers (D:14)
  A hornet (D:9)
  14 trolls
  A polar bear (Lair:4)
  A wind drake (D:15)
  Prince Ribbit (D:9)
  A meliai zombie (D:15)
  9 blink frogs
  2 centaur simulacra (D:15)
  A jumping spider (shapeshifter) (D:15)
  22 slime creatures
  3 shadows
  A vampire (D:11)
  6 wraiths
  4 wyverns (Lair:1)
  11 humans (D:13)
  28 yaks
  2 fire elementals (D:12)
  Eustachio (D:4)
  A golden eye (Gauntlet)
  2 basilisks
  Edmund (D:4)
  6 vampire mosquitoes
  3 wargs
  2 steam dragons
  Menkaure (D:4)
  5 nagas (Snake:1)
  2 acid dragons
  16 water moccasins
  A floating eye (Gauntlet)
  2 hell hounds (D:12)
  13 orc warriors
  2 black bears
  An ice beast (D:6)
  4 sky beasts
  21 ogres
  3 boggarts (D:14)
  6 wolves (Lair:1)
  10 centaurs
  2 phantoms
  A kobold brigand (D:9)
  4 lemures (D:8)
  9 bullfrogs
  2 gnoll sergeants
  5 scorpions
  11 wights
  3 howler monkeys (D:8)
  3 electric eels
  6 jellies (Lair:4)
  6 hounds
  13 orc priests
  A gnoll bouda (D:9)
  2 sleepcaps (D:5)
  Natasha (twice) (D:3)
  19 orc wizards
  3 iguanas
  Robin (D:1)
  14 gnolls
  6 adders
  A shadow imp (D:7)
  3 white imps (Gauntlet)
  2 ufetubi (D:5)
  2 worms
  2 dart slugs
  54 orcs
  7 endoplasms
  2 giant cockroaches
  9 goblins
  10 hobgoblins
  12 jackals
  3 quokkas
  8 ball pythons
  2 bats (D:3)
  2 frilled lizards
  14 kobolds
  2 rats
608 creatures vanquished.

Vanquished Creatures (collateral kills)
  Azrael (D:12)
  A hydra (Lair:4)
  A two-headed ogre (Orc:1)
  Urug (D:12)
  A deep troll (Orc:1)
  A slime creature (D:14)
  A bog body (Lair:3)
  A deep elf zephyrmancer (D:7)
  An orc sorcerer (Orc:2)
  An ugly thing (D:14)
  A cyclops (Orc:2)
  A black mamba (Lair:3)
  Joseph (D:8)
  An efreet (D:14)
  A komodo dragon (Lair:5)
  3 blink frogs
  9 yaks
  3 ogres
  4 centaurs
  2 bullfrogs
  A scorpion (D:7)
  An electric eel (Lair:3)
  An orc priest (D:7)
  Natasha (D:3)
  An orc (D:8)
41 creatures vanquished.

Vanquished Creatures (others)
  Maurice (D:8)
1 creature vanquished.

Grand Total: 650 creatures vanquished

Notes
Turn   | Place    | Note
-------+----------+-------------------------------------------
     0 | D:1      | KyoPewz the Demonspawn Hedge Wizard began the quest for the
                  | Orb.
     0 | D:1      | Reached XP level 1. HP: 13/13 MP: 4/4
   275 | D:1      | Learned a level 1 spell: Slow
   571 | D:1      | Gained mutation: You are surrounded by a mild repulsion
                  | field. (EV +2) [demonic ancestry]
   571 | D:1      | Reached XP level 2. HP: 19/19 MP: 4/6
  1679 | D:2      | Reached XP level 3. HP: 24/24 MP: 5/8
  1823 | D:2      | Noticed Robin
  1925 | D:1      | Learned a level 2 spell: Blink
  1928 | D:1      | Learned a level 2 spell: Call Imp
  1931 | D:1      | Learned a level 2 spell: Searing Ray
  2141 | D:1      | Killed Robin
  2882 | D:3      | Noticed Natasha
  2886 | D:3      | Killed Natasha
  2887 | D:3      | Gained mutation: You sometimes gain a little power by
                  | taking damage. [demonic ancestry]
  2887 | D:3      | Reached XP level 4. HP: 24/30 MP: 4/10
  3168 | D:3      | Noticed Natasha
  3418 | D:4      | Noticed an ogre
  3563 | D:3      | Found a basalt altar of Yredelemnul.
  3608 | D:3      | Found a shadowy altar of Dithmenos.
  3609 | D:3      | Noticed a bullfrog
  3881 | D:3      | Gained mutation: A weak demonic guardian rushes to your
                  | aid. [demonic ancestry]
  3881 | D:3      | Reached XP level 5. HP: 34/35 MP: 3/12
  3982 | D:3      | Reached skill level 5 in Spellcasting
  4058 | D:3      | You fall into a shaft and drop 3 floors!
  4136 | D:6      | Reached XP level 6. HP: 41/41 MP: 6/13
  4295 | D:6      | Found a stormy altar of Qazlal.
  4295 | D:6      | Noticed a sky beast
  4322 | D:6      | Found a sparkling altar of Nemelex Xobeh.
  4454 | D:5      | Entered Level 5 of the Dungeon
  4543 | D:5      | Reached skill level 1 in Long Blades
  4548 | D:5      | Reached skill level 2 in Long Blades
  4594 | D:5      | Gained mutation: You have large cloven feet. [demonic
                  | ancestry]
  4594 | D:5      | Reached XP level 7. HP: 33/46 MP: 1/14
  4681 | D:5      | Reached skill level 3 in Long Blades
  4811 | D:5      | Reached skill level 4 in Long Blades
  4914 | D:5      | Found a hide-covered altar of Uskayaw.
  5044 | D:5      | Reached skill level 5 in Long Blades
  5276 | D:5      | Gained mutation: You sometimes gain power by taking damage.
                  | [demonic ancestry]
  5276 | D:5      | Reached XP level 8. HP: 45/52 MP: 15/15
  5455 | D:4      | Reached skill level 6 in Long Blades
  6314 | D:4      | Found a shimmering blue altar of Sif Muna.
  6453 | D:4      | Noticed Eustachio
  6474 | D:4      | Killed Eustachio
  6475 | D:4      | Reached skill level 7 in Long Blades
  6784 | D:3      | Found a shadowy altar of Dithmenos.
  6919 | D:3      | Killed Natasha
  7117 | D:3      | Found a basalt altar of Yredelemnul.
  7197 | D:3      | Noticed Natasha
  7205 | D:3      | Killed Natasha
  7563 | D:4      | Noticed Edmund
  7576 | D:4      | Killed Edmund
  7722 | D:4      | Noticed Menkaure
  7739 | D:4      | Killed Menkaure
  7740 | D:4      | Reached skill level 8 in Long Blades
  7819 | D:5      | Found a broken altar of Ashenzari.
  8466 | D:6      | Reached skill level 1 in Translocations
  8466 | D:6      | Gained mutation: You are surrounded by a moderate repulsion
                  | field. (EV +3) [demonic ancestry]
  8466 | D:6      | Reached XP level 9. HP: 30/57 MP: 16/16
  8702 | D:6      | Reached skill level 9 in Long Blades
  8840 | D:6      | Found a burning altar of Makhleb.
  8840 | D:6      | Noticed a green death
  8879 | D:6      | Noticed an orange demon
  8881 | D:6      | Became a worshipper of Makhleb the Destroyer
  9028 | D:6      | Found a staircase to the Ecumenical Temple.
  9038 | Temple   | Entered the Ecumenical Temple
  9038 | Temple   | Found a transporter.
  9038 | Temple   | Found a transporter.
  9040 | Temple   | Found a transporter.
  9040 | Temple   | Found a transporter.
  9125 | D:6      | Found an iron altar of Okawaru.
  9785 | D:7      | Noticed a deep elf zephyrmancer
  9790 | D:7      | Killed a deep elf zephyrmancer
  9791 | D:7      | Reached skill level 10 in Long Blades
 10150 | D:7      | Got Tisiheti's Lessons on the Wind
 10443 | D:7      | Reached skill level 11 in Long Blades
 10567 | D:7      | Found an ancient bone altar of Kikubaaqudgha.
 11315 | D:8      | Noticed Pikel
 11451 | D:8      | Killed Pikel
 11452 | D:8      | Gained mutation: You have hoof-like feet. [demonic
                  | ancestry]
 11452 | D:8      | Reached XP level 10. HP: 56/63 MP: 10/17
 11750 | D:8      | Learned a level 3 spell: Vampiric Draining
 11770 | D:8      | Noticed Maurice
 11782 | D:8      | Killed Maurice
 11783 | D:8      | Reached skill level 1 in Necromancy
 11972 | D:8      | Reached * piety under Makhleb
 11975 | D:8      | Reached skill level 12 in Long Blades
 12632 | D:8      | Noticed Joseph
 13338 | D:8      | Killed Joseph
 13339 | D:8      | Reached skill level 13 in Long Blades
 13507 | D:8      | Found Xin Lan's Assorted Antiques.
 13515 | D:8      | Bought a fizzy ruby potion for 22 gold pieces
 13515 | D:8      | Bought a dented cameo amulet for 125 gold pieces
 13515 | D:8      | Bought a red potion for 22 gold pieces
 13542 | D:8      | Found an ornate altar of the Wu Jian Council.
 13542 | D:8      | Found a bloodstained altar of Trog.
 14084 | D:9      | Noticed Prince Ribbit
 14092 | D:9      | Reached skill level 5 in Necromancy
 14105 | D:9      | Killed Prince Ribbit
 14106 | D:9      | Reached XP level 11. HP: 42/68 MP: 14/18
 15030 | D:9      | Found a staircase to the Lair.
 15051 | D:9      | Reached ** piety under Makhleb
 16048 | D:9      | Reached skill level 1 in Fighting
 16052 | D:9      | Reached skill level 1 in Invocations
 16171 | D:10     | Entered Level 10 of the Dungeon
 16190 | D:10     | Noticed Psyche
 16246 | D:10     | Noticed Josephine
 16930 | Lair:1   | Entered Level 1 of the Lair of Beasts
 17670 | Lair:1   | Reached skill level 1 in Shields
 17797 | Lair:1   | Reached skill level 5 in Invocations
 18350 | Lair:1   | Identified the +2 scimitar of Piaqyath {heavy, Dex+4}
 18387 | Lair:1   | Gained mutation: A demonic guardian rushes to your aid.
                  | [demonic ancestry]
 18387 | Lair:1   | Reached XP level 12. HP: 66/84 MP: 19/19
 18509 | Lair:1   | Reached *** piety under Makhleb
 18534 | Lair:1   | Noticed a five-headed hydra
 18959 | Lair:2   | Reached skill level 5 in Fighting
 19081 | Lair:2   | Found an opulent altar of Gozag.
 19265 | Lair:2   | Noticed a boulder beetle
 19303 | Lair:2   | Killed a boulder beetle
 19707 | Lair:2   | Noticed a seven-headed hydra
 19838 | Lair:3   | Reached skill level 5 in Shields
 19950 | Lair:3   | Learned a level 5 spell: Agony
 20213 | Lair:3   | You fall into a shaft and drop 2 floors!
 20213 | Lair:5   | Entered Level 5 of the Lair of Beasts
 20499 | Lair:4   | Noticed a death yak
 20499 | Lair:4   | Noticed a death yak
 20499 | Lair:4   | Noticed a death yak
 20499 | Lair:4   | Noticed a death yak
 20499 | Lair:4   | Noticed a death yak
 20499 | Lair:4   | Noticed a death yak
 20508 | Lair:5   | Killed a death yak
 20666 | Lair:5   | Noticed a six-headed hydra
 20875 | Lair:4   | Noticed a four-headed hydra
 20885 | Lair:4   | Killed a four-headed hydra
 21161 | Lair:4   | Reached XP level 13. HP: 71/100 MP: 20/20
 21291 | Lair:4   | Reached **** piety under Makhleb
 21548 | Lair:4   | Found a staircase to the Slime Pits.
 21564 | Lair:4   | Found a viscous altar of Jiyva.
 21974 | Lair:3   | Reached skill level 10 in Fighting
 22237 | Lair:3   | Noticed Snorg
 22368 | Lair:3   | Found a staircase to the Snake Pit.
 22926 | Lair:3   | Reached skill level 10 in Shields
 23020 | Lair:3   | Killed Snorg
 23394 | Lair:3   | HP: 5/103 [bog body/bolt of cold (22)]
 23542 | Lair:3   | Found a staircase to the Swamp.
 23636 | D:10     | Killed Psyche
 23648 | D:10     | Learned a level 1 spell: Kiss of Death
 23768 | D:10     | Killed Josephine
 24077 | D:10     | Found a radiant altar of Vehumet.
 24404 | D:11     | Noticed Harold
 24435 | D:11     | Found a staircase to the Orcish Mines.
 24551 | D:11     | Noticed Erolcha
 24638 | D:11     | Killed Erolcha
 24723 | D:11     | Gained mutation: You are powered by pain. [demonic
                  | ancestry]
 24723 | D:11     | Reached XP level 14. HP: 107/110 MP: 21/21
 24743 | D:11     | Killed Harold
 25017 | D:11     | Identified the +8 trident of the Mashing Seeker {freeze,
                  | rF+}
 25021 | D:11     | Reached ***** piety under Makhleb
 25237 | Orc:1    | Entered Level 1 of the Orcish Mines
 25636 | Orc:2    | Entered Level 2 of the Orcish Mines
 25663 | Orc:2    | Reached skill level 5 in Translocations
 25955 | D:11     | Reached skill level 1 in Armour
 26203 | Orc:2    | Found a staircase to the Elven Halls.
 26835 | Orc:2    | Found a transporter.
 26841 | Orc:2    | Found a transporter.
 26846 | Orc:2    | Noticed Quickbrownfox's ghost (journeyman DsCj)
 27055 | Orc:2    | Found Umig's Antique Armour Shoppe.
 27056 | Orc:2    | Found Wibit's Armour Shoppe.
 27057 | Orc:2    | Found Fyuzesh's Assorted Antiques.
 27067 | Orc:2    | Found Eghor's Jewellery Emporium.
 27439 | Orc:2    | Bought the +2 shield of Resistance {rF++ rC++ Will++} for
                  | 1621 gold pieces
 27439 | Orc:2    | Found the +2 shield of Resistance {rF++ rC++ Will++}
 27472 | Orc:2    | Bought a scroll labelled XETOCE DOTILL for 29 gold pieces
 27472 | Orc:2    | Bought a scroll labelled XAORUL JAATI for 29 gold pieces
 27472 | Orc:2    | Bought a scroll of identify for 58 gold pieces
 27472 | Orc:2    | Bought a scroll labelled XETOCE DOTILL for 29 gold pieces
 27674 | Lair:1   | Got Sif Muna's Omnibus of Chthonic Thunder
 28203 | D:12     | Noticed Azrael
 28224 | D:12     | Killed Azrael
 28225 | D:12     | Reached skill level 5 in Dodging
 28409 | D:12     | Noticed Urug
 28449 | D:12     | Killed Urug
 28774 | D:13     | Reached ****** piety under Makhleb
 28906 | D:13     | Found a runed translucent gate.
 28906 | D:13     | Found a runed translucent gate.
 28909 | D:13     | Found a runed translucent gate.
 28909 | D:13     | Noticed ANNNA's ghost (journeyman DrCj)
 29089 | D:13     | Found a gate to the Vaults.
 29485 | D:14     | Found an iron altar of Okawaru.
 29501 | D:14     | Reached skill level 14 in Long Blades
 29530 | D:14     | Gained mutation: Your hexes are more powerful. [demonic
                  | ancestry]
 29530 | D:14     | Reached XP level 15. HP: 109/115 MP: 22/22
 29811 | D:14     | Reached skill level 10 in Necromancy
 29828 | D:14     | Found a gate leading to a gauntlet.
 29847 | Gauntlet | Entered a Gauntlet
 29847 | Gauntlet | Found a transporter.
 29847 | Gauntlet | Found a transporter.
 29851 | Gauntlet | Found a transporter.
 29851 | Gauntlet | Found a transporter.
 29861 | Gauntlet | Found a transporter.
 29871 | Gauntlet | Found a transporter.
 29871 | Gauntlet | Found a transporter.
 29895 | Gauntlet | Found a transporter.
 29902 | Gauntlet | Found a transporter.
 29914 | Gauntlet | Found a transporter.
 29938 | Gauntlet | Found a transporter.
 29957 | Gauntlet | Found a transporter.
 29994 | Gauntlet | Found a transporter.
 30016 | Gauntlet | Found a transporter.
 30112 | Gauntlet | Found a transporter.
 30128 | Gauntlet | Found a transporter.
 30330 | Gauntlet | Identified the +1 leather armour "Forget-Me-Not" {rC++ MP-9
                  | Slay+3}
 30392 | Gauntlet | Got the Tome of Amassed Pollution
 30971 | D:15     | Entered Level 15 of the Dungeon
 31681 | D:15     | Found a staircase to the Depths.
 32142 | Snake:1  | Entered Level 1 of the Snake Pit
 32374 | Snake:1  | Reached skill level 15 in Long Blades
 32505 | Orc:2    | Bought a jewelled helmet for 218 gold pieces
 32505 | Orc:2    | Identified the +0 helmet of Acoah {Str+4 Dex+5} (You bought
                  | it in a shop on level 2 of the Orcish Mines)
 32526 | Orc:2    | Bought a glowing scale mail for 161 gold pieces
 32553 | Elf:1    | Entered Level 1 of the Elven Halls
 32602 | Elf:1    | Gained mutation: You are frail. (-10% HP) [a neqoxec]
 32693 | Orc:2    | HP: 1/103 [something (21)]
 32702 | Orc:2    | HP: 1/103 [something/shard of ice (18)]
 32761 | Orc:2    | Slain by a deep elf knight

Illustrated notes

Levels and vault maps discovered:
D:1:      amcnicky_arrival_wind_blow, layout_loops_ring, nrook_loot_triangle
D:2:      layout_basic, uniq_robin
D:3:      minmay_chambers_of_twos, layout_loops_ring,
          mainiacjoe_overflow_alcove_1, nicolae_dithmenos_the_darkroom,
          uniq_natasha
D:4:      layout_basic, nicolae_sif_muna_condensation, uniq_menkaure,
          uniq_edmund, uniq_eustachio
D:5:      layout_loops_ring, cheibrodos_ashenzari_chains,
          mainiacjoe_overflow_surrounded_room
D:6:      layout_basic, nicolae_qazlal_beasts_of_the_sky,
          mainiacjoe_overflow_six_doors_small, overflow_temple_1_default,
          makhleb_altar_promises_db, minmay_temple_entry_statues_pillars
D:7:      layout_basic, zin_statuary, mainiacjoe_overflow_paths,
          guppyfry_early_elven_hall
D:8:      layout_basic, gammafunk_temple_overflow_pools, serial_shops, shop,
          uniq_maurice, uniq_pikel, uniq_joseph
D:9:      layout_irregular_city, mainiacjoe_overflow_tiny_flanked,
          erik_lair_orcish_takeover, uniq_prince_ribbit1
D:10:     layout_basic, mainiacjoe_overflow_small_starburst,
          minmay_misc_feat_nine_boxes, corexii_checkpoint_a, uniq_josephine,
          uniq_psyche
D:11:     minmay_skewed_foursquare, layout_rooms, orc_0_dummy, uniq_harold,
          uniq_erolcha
D:12:     layout_roguey, uniq_azrael, uniq_urug
D:13:     layout_long_grid, ximxim_vaults_locker_room,
          gammafunk_ghost_nasty_kobolds, serial_park_tiny_pond,
          kennysheep_generic_room_9
D:14:     layout_basic, gauntlet_entry_generic, serial_curves, eino_curves_02,
          eino_curves_01, okawaru_ov_weapons_minmay
D:15:     grunt_enter_depths_magical_seal, layout_small_grid,
          serial_bayou_shore_b, dreamdust_looks_like_rain
Temple:   hellmonk_temple_divided_pantheon
Lair:1:   cheibrodos_lair_river_kwai, layout_cave_pods,
          grunt_forest_large_clearing_hut
Lair:2:   layout_loops_ring, wad_woods_river_02, lemuel_oklob_altar
Lair:3:   layout_long_grid, nicolae_swamp_entry_splash_gauntlet,
          minmay_snake_entry_six_corridors, serial_bayou_shore_b, uniq_snorg
Lair:4:   layout_loops_ring, nicolae_slime_entry_field_trip,
          guppyfry_lair_drakes, grunt_megastairs_1
Lair:5:   cheibrodos_lair_end_hotspot, layout_gridlike
Snake:1:  layout_gridlike, grunt_ministairs_15, nrook_guardian_serpent_double
Orc:1:    layout_caves, minmay_orc_temple_a
Orc:2:    st_orc_open, layout_caves, gammafunk_ghost_stat_death
Elf:1:    nicolae_elf_arrival_no_cutting_in_line, layout_geoelf_grid,
          minmay_elf_sorcery

Skill      XL: |  1  2  3  4  5  6  7  8  9 10 11 12 13 14 15 |
---------------+----------------------------------------------+-----
Spellcasting   | 4 5 |  5.0
Conjurations   | 2 3 |  3.0
Short Blades   | 2 3 |  3.1
Long Blades    | 2 5 8 11 13 14 15 | 15.2
Translocations | 1 3 4 6 |  6.0
Necromancy     | 5 7 9 10 | 10.0
Fighting       | 4 8 10 | 10.0
Invocations    | 5 6 8 |  8.0
Shields        | 2 7 10 11 13 | 13.4
Dodging        | 2 5 7 |  7.0
Armour         | 3 |  3.0
Stealth        | |  1.7
Summonings     | |  1.0

Action                     |  1- 3 |  4- 6 |  7- 9 | 10-12 | 13-15 || total
---------------------------+-------+-------+-------+-------+-------++-------
  Melee: Dagger            |    54 |       |       |       |       ||    54
         Punch             |     1 |       |     1 |     3 |       ||     5
         Short sword       |    30 |    41 |       |       |       ||    71
         Long sword        |       |     4 |   126 |   265 |       ||   395
         Kick              |       |       |    28 |   130 |   320 ||   478
         Scimitar          |       |       |       |   131 |   523 ||   654
         Whip              |       |       |       |     1 |       ||     1
         Trident           |       |       |       |       |    16 ||    16
         Double sword      |       |       |       |       |   326 ||   326
  Throw: Dart              |       |       |     4 |       |       ||     4
         Javelin           |       |       |     1 |       |       ||     1
         Boomerang         |       |       |     1 |       |       ||     1
   Cast: Magic Dart        |   107 |    59 |   135 |   106 |    11 ||   418
         Slow              |     6 |       |       |     2 |     2 ||    10
         Searing Ray       |     1 |    15 |    36 |    32 |     1 ||    85
         Blink             |       |     3 |     8 |     4 |     5 ||    20
         Vampiric Draining |       |       |       |    34 |       ||    34
         Call Imp          |       |       |       |     1 |     1 ||     2
 Invoke: Lesser Servant of |       |       |       |     1 |     1 ||     2
  Evoke: Wand              |       |       |     3 |       |     7 ||    10
    Use: Scroll            |     6 |       |     1 |     4 |    11 ||    22
         Potion            |     2 |       |       |     9 |     5 ||    16
   Stab: Sleeping          |     2 |     2 |     4 |     5 |     4 ||    17
         Distracted        |       |       |     2 |     1 |     4 ||     7
         Paralysed         |       |       |     2 |       |       ||     2
 Armour: Robe              |    20 |    18 |    32 |    69 |    39 ||   178
         Skin              |       |       |       |    10 |       ||    10
         Troll leather arm |       |       |       |       |    99 ||    99
  Dodge: Dodged            |   104 |    81 |    99 |   252 |   542 ||  1078
  Block: Kite shield       |       |       |       |    40 |   594 ||   634
         Buckler           |       |       |       |    32 |    87 ||   119
